Ballaora, chaotic female vampiric Wizard --- ---- ---- --.-- ---- -----|..- |..-- -------- |...----..- --.|.||...| |...| --......-- |..........| |....||...| |...- --........| |.--.......---.------..----)...---- |.........| |.| ........| |....|).......| --..- -..-- |.| ....----- --............| --- |.-- # |.| .....| --- |..)... ....-- |.| ## |.. ....---.--- --..... ....-- |.| # # |.. .........-- |..... .....| ----|.| # #|.- .........-- --.... .....| |.<.|.| ... n.| # ..- ---.|...........------........| --...|.-----...%..... )@| # |.. |.%..............*.......*....| |.......>....)%%(.... -..#0# |..--.--...---......-------.......| |....-.----.......... ---...| -------......| |.....)---- --.....| ---...... --)--- |...--..-- |.%....| -..--- |......--..-------------.%(---------.------- --.--.- --.| |....................................| ------ --- ------------------------..------------ Ballaora the Thaumaturge Experience level: 7 Strength: 9 Dexterity: 13 Constitution: 17 Intelligence: 18 Wisdom: 8 Charisma: 11 Health: 0(69) Energy: 82(82) AC: 9 Gold: 385 Moves: 1825 Your Inventory: Coins $ - 385 gold pieces Weapons a - a blessed +1 quarterstaff (weapon in hands) q - an [uncursed +0] sling Armor b - an uncursed +0 cloak of magic resistance (being worn) Scrolls i - an uncursed scroll of teleportation j - an uncursed scroll of identify t - an [uncursed] scroll labeled PHOL ENDE WODAN [of light] Spellbooks l - a blessed spellbook of force bolt m - an uncursed spellbook of magic missile Potions p - an [uncursed] potion of oil Rings d - an uncursed ring of teleportation Tools n - an uncursed magic marker (0:63) Spells known in the end: Name Level Category Fail Memory a - force bolt 1 attack 0% [||||||||] b - magic missile 2 attack 0% [||||||||] Your skills at the end: Fighting Skills Weapon Skills quarterstaff [Basic / Expert] Spellcasting Skills attack spells [Basic / Expert] enchantment spells [Basic / Skilled] Final Attributes: You were devoutly aligned. Hunger level was 218. Your alignment was 17 / 19. Monster difficulty range was 0 - 5. Level difficulty was 4. You were immune to level-drain. You were magic-protected. You could fly. You could survive without air. You regenerated. Your luck was zero. You are dead. Vanquished creatures: 5 gnome lords a red naga hatchling a straw golem 4 dwarves a kobold shaman a giant bat 4 dwarf zombies an iguana 2 hobbits 3 manes a large kobold 25 gnomes 2 garter snakes 4 jackals a kobold a sewer rat 6 grid bugs a lichen 64 creatures vanquished. Voluntary challenges: You used a wielded weapon 53 times. You read items or engraved 1 time. You put on armor 3 times. You never genocided any monsters. You never polymorphed an object. You never changed form. You used no wishes. You never wrote Elbereth's name. You never encountered a bones level. You never used any Sokoban shortcuts. Dungeon overview: The Dungeons of Doom: levels 1 to 2 Level 1 a long staircase Level 2 stairs to The Gnomish Mines The Gnomish Mines: levels 3 to 4 Level 3 stairs to The Dungeons of Doom Level 4 <- You were here History has recorded: On T:1 you entered the Dungeons of Doom to retrieve the Amulet of Yendor! On T:441 you reached level 2 of The Dungeons of Doom. On T:553 you reached level 1 of The Gnomish Mines. On T:571 you advanced to experience level 2. On T:577 you advanced to experience level 3. On T:592 you advanced to experience level 4. On T:866 you advanced to experience level 5. On T:1145 you advanced to experience level 6. On T:1368 you reached level 2 of The Gnomish Mines. On T:1629 you advanced to experience level 7. Latest messages: The gnome lord swings his crossbow. The gnome lord hits! The mountain nymph zaps a wand of cold! The bolt of cold hits you! Your potion of blindness freezes and shatters! One of your black potions freezes and shatters! The bolt of cold bounces! [HP-28=34] You kill the gnome lord! The mountain nymph zaps a wand of cold! The bolt of cold hits you! Your potion of see invisible freezes and shatters! Your black potion freezes and shatters! Wizard, your life force is running out. The bolt of cold bounces! [HP-30=4] As you read the scroll, it disappears. You hear maniacal laughter close by. The mountain nymph zaps a wand of cold! The bolt of cold hits you! You die... Final status: Goodbye Ballaora the Wizard... You died in The Gnomish Mines on dungeon level 4 with 525 points, and 385 pieces of gold, after 1825 moves. You were level 7 with a maximum of 69 hit points when you died.